 Dungeon Crawl Stone Soup version 0.31-a0-188-g5e087ee2ca (webtiles) character file.

Game seed: 17972995232725239897

281 qw the Skirmisher (level 6, -2/36 HPs)
             Began as a Deep Elf Hunter on June 23, 2023.
             Slain by a bullfrog (7 damage)
             ... in a sewer.
             The game lasted 00:01:21 (2546 turns).

qw the Skirmisher (Deep Elf Hunter)                 Turns: 2546, Time: 00:01:22

Health: -2/36      AC: 10    Str: 10    XL:     6   Next: 6%
Magic:  8/8        EV: 13    Int: 14    God:
Gold:   196        SH:  0    Dex: 18    Spells: 5/5 levels left

rFire   . . .        Y - +0 shortbow
rCold   + + .        (shield currently unavailable)
rNeg    . . .        c - +0 ice dragon scales
rPois   .            (no helmet)
rElec   .            (no cloak)
rCorr   .            e - +0 pair of gloves
SInv    .            (no boots)
Will    .....        (no amulet) Stlth
                     i - ring of protection from fire
HPRegen 0.26/turn    m - +5 ring of evasion
MPRegen 0.11/turn

%: no passive effects
@: no status effects
A: no striking features
a: no special abilities


You were in a sewer.
You visited 1 branch of the dungeon, and saw 3 of its levels.
You also visited: Sewer.

You collected 196 gold pieces.


   Skills:
 - Level 2.3 Fighting
 + Level 9.0 Ranged Weapons
 - Level 1.0 Armour
 - Level 2.4 Dodging
 - Level 1.2 Stealth


You had 5 spell levels left.
You didn't know any spells.
Your spell library was empty.

Inventory:

Hand Weapons
 Y - a +0 shortbow (weapon)
Armour
 c - +0 ice dragon scales (worn)
 e - a +0 pair of gloves (worn)
 h - a +0 ring mail
Jewellery
 a - a ring of protection from cold
 i - a ring of protection from fire (left hand)
 j - a ring of willpower
 m - a +5 ring of evasion (right hand)
Potions
 b - a potion of curing {unknown}
 d - a potion of mutation {unknown}
 g - a potion of berserk rage {unknown}
 l - a potion of might {unknown}
 n - a potion of lignification {unknown}
 o - a potion of ambrosia {unknown}

Dungeon Overview and Level Annotations

Branches:
Dungeon (3/15)              Sewer (1/1)

Altars:
Hepliaklqana


Message History

The bullfrog hits you but does no damage.
The giant cockroach closely misses you. The bullfrog misses you.
The giant cockroach misses you. The bullfrog barely misses you.
The giant cockroach bites you but does no damage.
You shoot an arrow. The arrow barely misses the bullfrog.
The bullfrog completely misses you.
The giant cockroach bites you but does no damage.
The bullfrog closely misses you.
The quokka twitches its whiskers.
The bullfrog hits you.
The giant cockroach bites you but does no damage.
The giant cockroach barely misses you.
The bullfrog hits you but does no damage.
You shoot an arrow. The arrow closely misses the bullfrog.
The bullfrog closely misses you.
The giant cockroach bites you but does no damage.
The bullfrog barely misses you.
The giant cockroach bites you but does no damage.
The bullfrog hits you but does no damage.
The bullfrog completely misses you.
The giant cockroach splashes around in the water.
You shoot an arrow. The arrow hits the bullfrog!
You kill the bullfrog!
The giant cockroach splashes around in the water.
The bullfrog hits you. The giant cockroach closely misses you.
The giant cockroach splashes around in the water.
The endoplasm freezes you.
You are frozen.
You resist.
Your Fighting skill increases to level 2!
You have reached level 6!
You shoot an arrow. The arrow hits the bullfrog.
The bullfrog is lightly wounded.
The bullfrog closely misses you. The giant cockroach barely misses you.
The bullfrog barely misses you. The giant cockroach barely misses you.
The endoplasm hits you but does no damage.
The giant cockroach misses you.
You shoot an arrow. The arrow hits the bullfrog.
The bullfrog is moderately wounded.
The bullfrog hits you!
You die...

~~##~~.~~#######~~~~~##%~~~#
~##~~..###~~~~~###~~~~##~~~##
~#~.~~## ~~~..~~~##~~~~#~~~~#
##~.~## ~~~~..~~~##~~~##~~.##
#.~.~# ~~.)$$.~~~#~~~~#~~~.#
#~~~~# ~~~.???.~~#~..~#~~.\#
#.~~~# ~~~.~$~r~.#~.~~#~~~.#
##~~~## .~~~~~JBB~#~~.##..~##
~#~.~~## ~~~~~~F@~~#~~~#~~~~#
~##.~~~###~~.~~#~~##..##~~.##
%~##.~~~.#######%.#.%##~~~.#
.~.###~~~~~~~~..~##~~#~~~~##
~~~~~####..~~.~..#.~~~~~~##
#~~~~.~~#~\~#######~~~####
####..~~#####~~~~~#~~##
\.~####~~~~~.~~.~~####
#~....#########~~.#


You could see a bullfrog, an endoplasm, a quokka and 2 giant cockroaches.

Vanquished Creatures
  A bullfrog (Sewer)
  A jelly (D:3)
  An orc wizard (D:2)
  6 adders
  3 worms
  A dart slug (D:1)
  2 orcs
  10 ball pythons
  2 bats (D:1)
  13 endoplasms
  9 giant cockroaches
  7 goblins
  6 hobgoblins
  2 jackals (D:2)
  3 kobolds
  9 quokkas
  11 frilled lizards
  10 rats
97 creatures vanquished.

Notes
Turn   | Place    | Note
-------+----------+-------------------------------------------
     0 | D:1      | qw the Deep Elf Hunter began the quest for the Orb.
     0 | D:1      | Reached XP level 1. HP: 12/12 MP: 3/3
     0 | D:1      | 0 ||| qw: Version: 0.3-a-9-g12657ce
     0 | D:1      | 0 ||| qw: Game counter: 3777
     0 | D:1      | 0 ||| qw: Always use a shield: true
     0 | D:1      | 0 ||| qw: God list: Okawaru
     0 | D:1      | 0 ||| qw: Allow faded altars: false
     0 | D:1      | 0 ||| qw: Do Orc after D:15 true
     0 | D:1      | 0 ||| qw: Do second Lair branch before Depths: true
     0 | D:1      | 0 ||| qw: Lair rune preference: random
     0 | D:1      | 0 ||| qw: Plans: Normal
     0 | D:1      | 0 ||| PLANNING D:1-11
   103 | D:1      | Reached skill level 6 in Ranged Weapons
   103 | D:1      | Reached XP level 2. HP: 16/16 MP: 4/4
   824 | D:1      | 824 ||| UPGRADING to +0 pair of gloves.
   829 | D:1      | 829 ||| UPGRADING to +0 scale mail.
   839 | D:1      | 839 ||| DROPPING +0 leather armour.
   840 | D:1      | 840 ||| UPGRADING to +0 ring mail.
   850 | D:1      | 850 ||| DROPPING +0 scale mail.
   851 | D:1      | 851 ||| UPGRADING to ring of protection from fire.
   852 | D:1      | 852 ||| UPGRADING to +5 ring of evasion.
   853 | D:1      | 853 ||| READING scroll labelled QEUGAD ZOLOESS.
   854 | D:1      | 854 ||| DROPPING scroll of butterflies.
   882 | D:2      | Reached XP level 3. HP: 20/20 MP: 5/5
  1090 | D:2      | Found a hazy altar of Hepliaklqana.
  1094 | D:2      | Reached skill level 7 in Ranged Weapons
  1442 | D:2      | 1442 ||| DROPPING amulet of magic regeneration.
  1443 | D:2      | 1443 ||| READING scroll labelled LOAGU KACHOZU.
  1479 | D:2      | 1479 ||| READING scroll labelled CAIS SEPLEY.
  1482 | D:2      | 1482 ||| READING scroll labelled METOS GYFAOCODD.
  1483 | D:2      | 1483 ||| DRINKING 2 metallic sapphire potions.
  1484 | D:2      | 1484 ||| DROPPING potion of degeneration.
  1492 | D:3      | 1492 ||| PLANNING SEWER
  1499 | D:3      | 1499 ||| STAIRDANCE
  1506 | D:2      | HP: 5/20 [something/magic dart (7)]
  1512 | D:2      | HP: 3/20 [orc wizard/+0 dagger (1)]
  1516 | D:2      | HP: 1/20 [something (3)]
  1518 | D:2      | Reached XP level 4. HP: 2/25 MP: 6/6
  1870 | D:3      | Reached skill level 8 in Ranged Weapons
  1991 | D:3      | Found a glowing drain.
  1992 | D:3      | 1992 ||| UPGRADING to +0 ice dragon scales.
  2002 | D:3      | 2002 ||| READING scroll labelled JIOKIA QUMPA.
  2003 | D:3      | 2003 ||| READING scroll labelled FEUPNE DOEWK.
  2004 | D:3      | 2004 ||| DRINKING 3 emerald potions.
  2005 | D:3      | 2005 ||| DROPPING 2 potions of attraction.
  2007 | D:3      | 2007 ||| Stepping ~*~*~tactically~*~*~ (cloud).
  2012 | D:3      | HP: 6/25 [poisoned by you (poison gas)]
  2230 | D:3      | 2230 ||| Stepping ~*~*~tactically~*~*~ (water).
  2233 | D:3      | 2233 ||| Stepping ~*~*~tactically~*~*~ (water).
  2235 | D:3      | 2235 ||| Stepping ~*~*~tactically~*~*~ (water).
  2247 | Sewer    | Entered a sewer
  2269 | Sewer    | Reached XP level 5. HP: 29/29 MP: 7/7
  2275 | Sewer    | 2275 ||| Stepping ~*~*~tactically~*~*~ (water).
  2288 | Sewer    | 2288 ||| Stepping ~*~*~tactically~*~*~ (water).
  2305 | Sewer    | 2305 ||| Stepping ~*~*~tactically~*~*~ (water).
  2341 | Sewer    | Reached skill level 1 in Armour
  2373 | Sewer    | 2373 ||| Stepping ~*~*~tactically~*~*~ (water).
  2385 | Sewer    | 2385 ||| Stepping ~*~*~tactically~*~*~ (water).
  2400 | Sewer    | 2400 ||| Stepping ~*~*~tactically~*~*~ (water).
  2412 | Sewer    | 2412 ||| Stepping ~*~*~tactically~*~*~ (water).
  2434 | Sewer    | 2434 ||| Stepping ~*~*~tactically~*~*~ (water).
  2454 | Sewer    | 2454 ||| Stepping ~*~*~tactically~*~*~ (water).
  2502 | Sewer    | 2502 ||| Stepping ~*~*~tactically~*~*~ (water).
  2524 | Sewer    | 2524 ||| Stepping ~*~*~tactically~*~*~ (water).
  2528 | Sewer    | 2528 ||| Stepping ~*~*~tactically~*~*~ (water).
  2531 | Sewer    | Reached skill level 9 in Ranged Weapons
  2541 | Sewer    | HP: 5/29 [bullfrog (7)]
  2545 | Sewer    | Reached XP level 6. HP: 5/36 MP: 8/8
  2546 | Sewer    | Slain by a bullfrog

Levels and vault maps discovered:
D:1:      heliophobic_arrival_glass_houses, layout_loops_ring
D:2:      layout_loops_ring, basic_altar
D:3:      layout_rooms, cheibrodos_sewer_entry_bend,
          shapermc_ecumenical_altar_totnotflames, minmay_cut_off, uniq_ijyb
Sewer:    sewer_frog_island_02

Skill      XL: |  1  2  3  4  5 |
---------------+----------------+-----
Ranged Weapons | 6 7 8 9 |  9.0
Armour         | 1 |  1.0
Fighting       | 2 |  2.3
Dodging        | |  2.4
Stealth        | |  1.2

Action                     |  1- 3 |  4- 6 || total
---------------------------+-------+-------++-------
   Fire: Shortbow          |   114 |   159 ||   273
    Use: Scroll            |     4 |     2 ||     6
         Potion            |     1 |     1 ||     2
 Armour: Leather armour    |     1 |       ||     1
         Ring mail         |     8 |     3 ||    11
         Ice dragon scales |       |    45 ||    45
  Dodge: Dodged            |    18 |    93 ||   111

Table legend:
 A = Non-vault XP
 B = Vault XP
 C = Vault XP percentage of total XP
 D = Non-vault monster count
 E = Vault monster count
 F = Vault count percentage of total count
                 A         B        C        D         E       F
            +---------+---------+-------+---------+---------+-------
      Total |     189 |     213 |  53.0 |      56 |      41 |  42.3
            +---------+---------+-------+---------+---------+-------
        D:1 |      39 |       0 |   0.0 |      22 |       0 |   0.0
        D:2 |      76 |       0 |   0.0 |      21 |       0 |   0.0
        D:3 |      74 |       5 |   6.3 |      13 |       1 |   7.1
      Sewer |       0 |     208 | 100.0 |       0 |      40 | 100.0
            +---------+---------+-------+---------+---------+-------
